 Dungeon Crawl Stone Soup version 0.28-a0-563-gf77a47075d (webtiles) character file.

Game seed: 13881738701232868331

1333 avis the Cleaver (level 8, -8/73 HPs)
             Began as a Hill Orc Monk on Sept 30, 2021.
             Was a Believer of Beogh.
             Mangled by a bog mummy (16 damage)
             ... in an ossuary.
             The game lasted 00:21:01 (7416 turns).

avis the Cleaver (Hill Orc Monk)                    Turns: 7416, Time: 00:21:02

Health: -8/73      AC:  9    Str: 16    XL:     8   Next: 61%
Magic:  12/12      EV:  6    Int: 10    God:    Beogh [**....]
Gold:   169        SH: 10    Dex: 13    Spells: 7/7 levels left

rFire   . . .      SeeInvis .   a - +2 hand axe (venom)
rCold   . . .      Faith    .   k - +0 tower shield
rNeg    . . .      Spirit   .   e - +0 chain mail
rPois   .          Reflect  .   (no helmet)
rElec   .          Harm     .   (no cloak)
rCorr   .          Rampage  .   q - +0 pair of gloves
Will    .....                   (no boots)
Stlth   ..........              (no amulet)
HPRegen 0.22/turn               h - +4 ring of evasion
MPRegen 0.13/turn               (no ring)

@: no status effects
A: no striking features
a: Renounce Religion, Smiting


You were in an ossuary.
You worshipped Beogh.
Beogh was pleased with you.
You visited 1 branch of the dungeon, and saw 6 of its levels.
You also visited: Ossuary.

You collected 169 gold pieces.

Inventory:

Hand Weapons
 a - a +2 hand axe of venom (weapon)
 z - a +0 hand axe
 E - a +0 trident
 G - a +0 spear
Missiles
 d - 27 stones (quivered)
 g - 20 sling bullets
 j - 52 arrows
 s - 14 poisoned darts
 H - 20 bolts
Armour
 e - a +0 chain mail (worn)
 k - a +0 tower shield (worn)
 q - a +0 pair of gloves (worn)
 r - a +0 kite shield
 t - a +0 chain mail
Magical Staves
 f - a staff of poison
 l - a staff of conjuration
Jewellery
 h - a +4 ring of evasion (left hand)
 C - a ring of fire
Wands
 i - a wand of mindburst (14)
 v - a wand of polymorph (3)
Scrolls
 n - 2 scrolls of enchant weapon {unknown}
 o - a scroll of fear {unknown}
 p - a scroll of teleportation {unknown}
 u - a scroll of amnesia {unknown}
 y - a scroll of enchant armour {unknown}
 B - 3 scrolls of identify {unknown}
 F - a scroll of fog {unknown}
Potions
 b - a potion of heal wounds {unknown}
 c - a potion of lignification {unknown}
 m - a potion of might {unknown}
 w - a potion of mutation {unknown}
 x - a potion of magic {unknown}
 A - a potion of ambrosia {unknown}
 D - a potion of attraction {unknown}
 I - a potion of brilliance {unknown}


   Skills:
 + Level 7.5 Fighting
 + Level 10.3 Axes
 - Level 2.4 Dodging
 - Level 1.5 Stealth
 * Level 5.7 Invocations


You had 7 spell levels left.
You didn't know any spells.
Your spell library contained the following spells:

 Spells                   Type           Power      Damage    Failure   Level
 Corpse Rot               Necr/Air       N/A        N/A       100%        2
 Poisonous Vapours        Pois/Air       0%         N/A       100%        2
 Ozocubu's Armour         Ice            0%         N/A       100%        3
 Metabolic Englaciation   Hex/Ice        0%         N/A       100%        5
 Simulacrum               Ice/Necr       0%         N/A       100%        6


Dungeon Overview and Level Annotations

Branches:
Dungeon (6/15)            Ossuary (1/1)
 Temple: D:4-7

Altars:
Dithmenos

Shops:
D:3 :


Message History

You completely miss the bullfrog zombie.
The bullfrog zombie is lightly damaged.
The bullfrog zombie closely misses you.
You hit the bullfrog zombie.
The bullfrog zombie is moderately damaged.
The bullfrog zombie hits you but does no damage. x2
You slash the bullfrog zombie!
The bullfrog zombie is heavily damaged.
You block the bullfrog zombie's attack. The bullfrog zombie hits you.
* * * LOW HITPOINT WARNING * * *
You hit the bullfrog zombie.
The bullfrog zombie is severely damaged.
The bullfrog zombie hits you.
* * * LOW HITPOINT WARNING * * *
You slash the bullfrog zombie!
The bullfrog zombie is almost destroyed.
The bullfrog zombie hits you.
* * * LOW HITPOINT WARNING * * *
You block the bullfrog zombie's attack.
You slash the bullfrog zombie!
You destroy the bullfrog zombie!
Beogh accepts your kill.
A bullfrog zombie comes into view.
As you close the door, it creaks loudly!
You start resting.
A bog mummy opens the door.
You slash the bog mummy!
The bog mummy is moderately damaged.
You hit the bog mummy.
The bog mummy is heavily damaged.
The bog mummy points at you and mumbles some strange words.
You resist with some effort.
You hit the bog mummy but do no damage.
The bog mummy is heavily damaged.
The bog mummy hits you!
* * * LOW HITPOINT WARNING * * *
You hit the bog mummy.
The bog mummy is severely damaged.
The bog mummy hits you!
You die...

##### #
#∩..#.+
#.∩@M.#
#...#.'.#
##### ###


You could see a bog mummy.

Vanquished Creatures
  A wyvern (D:6)
  A water moccasin (D:5)
  A sky beast (D:5)
  2 ice beasts
  2 phantoms
  A centaur (D:5)
  A scorpion (D:5)
  A bullfrog zombie (Ossuary)
  3 jellies
  2 hounds (D:4)
  Jessica (D:2)
  3 iguanas
  3 orc wizards (D:5)
  A hound skeleton (D:4)
  4 mummies
  An adder (D:3)
  2 white imps (D:5)
  An adder skeleton (D:4)
  A worm (D:5)
  2 dart slugs (D:1)
  4 orcs
  3 endoplasms
  A giant cockroach (D:1)
  6 goblins
  5 hobgoblins
  6 jackals
  7 quokkas
  3 ball pythons
  8 bats
  A jackal skeleton (D:4)
  7 kobolds
  An orc zombie (D:6)
  2 rats (D:2)
88 creatures vanquished.

Vanquished Creatures (others)
  An orc wizard (D:5)
  2 orcs (D:5)
  4 fungi (D:1)
  3 withered plants (Ossuary)
10 creatures vanquished.

Grand Total: 98 creatures vanquished

Notes
Turn   | Place    | Note
-------+----------+-------------------------------------------
     0 | D:1      | avis the Hill Orc Monk began the quest for the Orb.
     0 | D:1      | Reached XP level 1. HP: 19/19 MP: 1/1
   171 | D:1      | Reached XP level 2. HP: 12/27 MP: 2/2
   894 | D:1      | Reached skill level 5 in Axes
   898 | D:1      | Reached XP level 3. HP: 31/33 MP: 3/3
   901 | D:1      | Found a faded altar of an unknown god.
  1427 | D:2      | Noticed Jessica
  1436 | D:2      | Killed Jessica
  1792 | D:2      | Found a shadowy altar of Dithmenos.
  1796 | D:2      | Reached XP level 4. HP: 41/41 MP: 4/4
  2647 | D:3      | Reached skill level 6 in Axes
  3082 | D:3      | Reached XP level 5. HP: 43/47 MP: 5/5
  3292 | D:3      | Found Uwuewk's Book Shoppe.
  3733 | D:4      | Reached skill level 5 in Fighting
  4129 | D:4      | Reached skill level 7 in Axes
  4681 | D:4      | Reached XP level 6. HP: 43/56 MP: 6/6
  5127 | D:5      | Entered Level 5 of the Dungeon
  5127 | D:5      | Noticed an ice beast
  5258 | D:5      | Killed an ice beast
  5259 | D:5      | Reached skill level 8 in Axes
  5616 | D:5      | Reached XP level 7. HP: 38/63 MP: 7/7
  5761 | D:5      | Became a worshipper of Beogh the Brigand
  5761 | D:5      | Reached * piety under Beogh
  5761 | D:5      | Reached ** piety under Beogh
  5965 | D:5      | Reached skill level 9 in Axes
  6005 | D:5      | HP: 3/64 [phantom (3)]
  6314 | D:5      | Reached skill level 1 in Invocations
  6939 | D:6      | Noticed a wyvern
  6953 | D:5      | Reached XP level 8. HP: 56/73 MP: 10/10
  7038 | D:6      | Killed a wyvern
  7039 | D:6      | Reached skill level 10 in Axes
  7306 | D:6      | Reached skill level 5 in Invocations
  7332 | D:6      | Found a sand-covered staircase.
  7343 | Ossuary  | Entered an ossuary
  7416 | Ossuary  | Mangled by a bog mummy

Illustrated notes

Levels and vault maps discovered:
D:1:      shiori_arrival_elements, layout_loops_ring,
          shapermc_ecumenical_altar_hornbeckon
D:2:      layout_basic, basic_altar, chequers_serial_rivers_marsh, uniq_jessica
D:3:      layout_basic, serial_shops, nicolae_lakefront_shop,
          roderic_st_hans_cross, minmay_misc_feat_doors
D:4:      layout_loops_cross, serial_co_window_serial, co_window_corner_a,
          co_window_paths_a, co_window_corner_a, co_window_paths_a,
          co_window_of_opportunity_a, co_window_of_opportunity_b,
          co_window_paths_c, co_window_cross_2, co_window_corner_ca,
          co_window_4corner_b, co_window_paths_e, glass_columns_b,
          glass_columns_c, glass_columns_b, hangedman_decor_clover_reticule,
          chequers_serial_rivers_micro_c, minmay_misc_feat_pillars
D:5:      layout_gridville
D:6:      layout_cave_pools, nicolae_ossuary_entry_giza, uniq_duvessa
Ossuary:  ossuary_zaba_flooded

Skill      XL: |  1  2  3  4  5  6  7  8 |
---------------+-------------------------+-----
Fighting       | 4 5 6 7 |  7.5
Axes           | 5 6 7 8 9 10 | 10.3
Invocations    | 3 5 |  5.7
Dodging        | |  2.4
Stealth        | |  1.5

Action                   |  1- 3 |  4- 6 |  7- 9 || total
-------------------------+-------+-------+-------++-------
Melee: Hand axe          |    91 |   198 |   148 ||   437
Invok: Convert to Beogh  |       |       |     1 ||     1
Evoke: Wand              |       |     1 |       ||     1
  Use: Potion            |       |     1 |     3 ||     4
Armor: Robe              |     5 |       |       ||     5
       Chain mail        |    49 |    95 |    60 ||   204
Dodge: Dodged            |    49 |    73 |    29 ||   151
Block: Kite shield       |       |    10 |       ||    10
       Tower shield      |       |    19 |    60 ||    79

Table legend: (Time is in decaauts)
 A = Elapsed time spent in this place.
 B = Non-inter-level travel time spent in this place.
 C = Inter-level travel time spent in this place.
 D = Time resting spent in this place.
 E = Time spent auto-exploring this place.
 F = Levels seen in this place.
 G = Mean time per level.
                   A        B        C        D        E       F      G
               +--------+--------+--------+--------+--------+-----+--------+
         Total |   7501 |   7019 |    482 |   2935 |   2884 |   7 | 1071.6 |
       Dungeon |   7420 |   6938 |    482 |   2898 |   2884 |   6 | 1236.7 |
       Ossuary |     81 |     81 |      0 |     37 |      0 |   1 |   81.0 |
               +--------+--------+--------+--------+--------+-----+--------+

Top non-repeatable levels by time:
     D:5: 1972 daAuts
     D:4: 1650 daAuts
     D:1: 1365 daAuts
     D:3: 1317 daAuts
     D:2: 1028 daAuts
     D:6: 85 daAuts
 Ossuary: 81 daAuts
